cohdb
Replays
Latest Replays
All Replays
Popular Replays
Top Player Replays
Match Explorer
How It Works
Community
CoH3 Stats
Reddit
Sign in to upload your games and track your stats! →
Sign in with Steam
Match 47520563
Unlisted
Match 47520563
Overview
Messages
Build Orders
End
Vickers Machine Gun Team
Construct Section Command Post
ML 3-inch Mortar Team
Dingo Light Scout Car
Infantry Section
Infantry Section
Dingo Light Scout Car
Construct Platoon Command Post
6-pounder Anti-tank Gun Team
Dingo Light Scout Car
CMP 15cwt Truck
Unlock Bishop Self-propelled Artillery
Royal Engineer Section
Petranodon
Papa Lexus
tubagznyven
Super Unta Kilat
mentoss
buddy Guy
1005703249
Clion3x
0
0
Comments
sign in to comment!
No comments posted yet!